 Dungeon Crawl Stone Soup version 0.19.5-1-g796a6487f8 (webtiles) character file.

445 Ezendos the Fighter (level 7, -3/81 HPs)
             Began as an Ogre Wanderer on July 21, 2021.
             Was a Follower of the Shining One.
             Slain by an ogre
             ... wielding a +0 giant club
              (18 damage)
             ... on level 5 of the Dungeon.
             The game lasted 00:08:14 (4584 turns).

Ezendos the Fighter (Ogre Wanderer)                 Turns: 4584, Time: 00:08:15

Health: -3/81      AC:  3    Str: 18    XL:     7   Next: 3%
Magic:  0/8        EV:  9    Int: 12    God:    the Shining One [*.....]
Gold:   85         SH:  0    Dex: 10    Spells: 0 memorised, 8 levels left

rFire  . . .     SeeInvis .     a - +2 short sword
rCold  + . .     Gourm    .     d - +0 robe
rNeg   . . .     Faith    .     (no shield)
rPois  +         Spirit   +     (helmet restricted)
rElec  .         Reflect  .     (no cloak)
rCorr  .         Harm     .     (gloves unavailable)
MR     .....                    (boots unavailable)
Stlth  +.........               e - amulet of guardian spirit
                                t - ring of protection from cold
                                r - ring of poison resistance

@: glowing
A: unfitting armour, tough skin 1
a: Renounce Religion


You were on level 5 of the Dungeon.
You worshipped the Shining One.
The Shining One was aware of your devotion.
You were hungry.

You visited 1 branch of the dungeon, and saw 5 of its levels.

You collected 187 gold pieces.
You spent 102 gold pieces at shops.

Inventory:

Hand Weapons
 a - a +2 short sword (weapon)
Missiles
 i - 140 stones (quivered)
Armour
 d - a +0 robe (worn)
Jewellery
 e - an amulet of guardian spirit (around neck)
 r - a ring of poison resistance (left hand)
 t - a ring of protection from cold (right hand)
Scrolls
 c - 3 scrolls of teleportation
 j - a scroll of blinking {unknown}
 k - 2 scrolls of amnesia {unknown}
 l - a scroll of fear {unknown}
 m - a scroll of enchant armour
 o - 4 scrolls of remove curse
 q - 3 scrolls of magic mapping
 u - a scroll of immolation {unknown}
 v - a scroll of fog {unknown}
Potions
 b - a potion of lignification
 g - a potion of mutation
 h - 2 potions of berserk rage {unknown}
 n - a potion of flight {unknown}
 s - a potion of curing
 A - a potion of invisibility {unknown}
Books
 x - a book of Changes

   Spells                             Type                      Level
   a - Beastly Appendage              Transmutation                1
   b - Sticks to Snakes               Transmutation                2
   c - Spider Form                    Transmutation/Poison         3
   d - Ice Form                       Ice/Transmutation            4
   e - Blade Hands                    Transmutation                5
Comestibles
 f - 5 bread rations
 p - 3 meat rations
 w - 2 fruits
 z - a beef jerky


   Skills:
 + Level 8.9 Fighting
 - Level 1.2 Short Blades
 - Level 2.0 Throwing
 + Level 1.0 Armour
 + Level 0.8 Dodging
 - Level 1.4 Stealth
 - Level 1.2 Spellcasting
   Level 1.0 Hexes
   Level 1.0 Necromancy


You had 8 spell levels left.
You didn't know any spells.

Dungeon Overview and Level Annotations

Branches:
Dungeon (5/15)             Temple (0/1) D:4

Altars:
Gozag
Nemelex Xobeh
Okawaru
Qazlal
Ru
The Shining One

Shops:
D:4 ?

Annotations:
D:2 Sigmund


Innate Abilities, Weirdness & Mutations

You are too large for most types of armour.
You have tough skin. (AC +1)


Message History

There is a stone staircase leading up here.
You puncture the ogre!
The ogre is moderately wounded.
The ogre barely misses you.
You hit the ogre.
The ogre is moderately wounded.
You hit the ogre.
The ogre is heavily wounded.
The ogre hits you with a giant club!
You hit the ogre.
The ogre is severely wounded.
The ogre hits you with a giant club!!
You hit the ogre.
The ogre is severely wounded.
The ogre hits you with a giant club!!
* * * LOW HITPOINT WARNING * * *
You hit the ogre.
The ogre is almost dead.
The ogre hits you with a giant club!!
You die...

# #.#
....####+#####
#.##.........#
...<..O@.....#
#.##.......[)#
#.........#
###########


You could see an ogre.

Vanquished Creatures
  Menkaure (D:4)
  A jelly (D:3)
  A worker ant (D:4)
  2 iguanas (D:4)
  Natasha (thrice) (D:4)
  A howler monkey skeleton (D:4)
  2 adders (D:3)
  A shadow imp (D:3)
  3 oozes
  2 worms (D:4)
  3 dart slugs
  3 leopard geckos
  An orc (D:2)
  4 bats
  6 giant cockroaches
  7 goblins
  13 hobgoblins
  7 jackals
  2 quokkas
  2 ball pythons
  A frilled lizard (D:4)
  10 kobolds
  10 rats
86 creatures vanquished.

Notes
Turn   | Place    | Note
-------+----------+-------------------------------------------
     0 | D:1      | Ezendos the Ogre Wanderer began the quest for the Orb.
     0 | D:1      | Ezendos set off with: a +2 short sword, a potion of lignification, a scroll of teleportation, a +0 robe, a +0 dagger, a bread ration
     0 | D:1      | Reached XP level 1. HP: 19/19 MP: 2/2
    55 | D:1      | Reached skill level 2 in Fighting
   117 | D:1      | Reached XP level 2. HP: 29/29 MP: 3/3
   311 | D:1      | Reached skill level 3 in Fighting
   947 | D:1      | Reached XP level 3. HP: 35/39 MP: 2/4
  1037 | D:1      | Reached skill level 4 in Fighting
  1466 | D:2      | Found a sparkling altar of Nemelex Xobeh.
  1632 | D:2      | Found a stormy altar of Qazlal.
  1632 | D:2      | Found a glowing golden altar of the Shining One.
  1633 | D:2      | Found an iron altar of Okawaru.
  1665 | D:2      | Became a worshipper of the Shining One
  1717 | D:2      | Reached XP level 4. HP: 49/49 MP: 5/5
  1766 | D:2      | Reached skill level 5 in Fighting
  2111 | D:2      | Noticed Sigmund
  2378 | D:3      | Found a sacrificial altar of Ru.
  2560 | D:3      | Reached skill level 6 in Fighting
  2560 | D:3      | Reached XP level 5. HP: 43/59 MP: 6/6
  3247 | D:4      | Found Uheu's Magic Scroll Boutique.
  3257 | D:4      | Bought a scroll of remove curse for 36 gold pieces
  3257 | D:4      | Bought a scroll of magic mapping for 42 gold pieces
  3257 | D:4      | Bought a scroll of identify for 24 gold pieces
  3274 | D:4      | Noticed Menkaure
  3278 | D:4      | Noticed an ogre
  3329 | D:4      | Found an opulent altar of Gozag.
  3453 | D:4      | Found a staircase to the Ecumenical Temple.
  3518 | D:4      | Noticed Natasha
  3530 | D:4      | Killed Natasha
  3530 | D:4      | Reached skill level 7 in Fighting
  3643 | D:4      | Reached XP level 6. HP: 42/72 MP: 3/7
  3853 | D:4      | Killed Menkaure
  3853 | D:4      | Reached * piety under the Shining One
  3853 | D:4      | Reached skill level 8 in Fighting
  3939 | D:4      | Noticed Natasha
  3949 | D:4      | Killed Natasha
  3970 | D:4      | Noticed Natasha
  3977 | D:4      | Killed Natasha
  4484 | D:4      | Reached skill level 1 in Armour
  4484 | D:4      | Reached XP level 7. HP: 61/81 MP: 5/8
  4577 | D:5      | Entered Level 5 of the Dungeon
  4584 | D:5      | Slain by an ogre

Skill      XL: |  1  2  3  4  5  6 |
---------------+-------------------+-----
Fighting       | 2 3 4 6 7 8 |  8.9
Armour         | 1 |  1.0
Short Blades   | |  1.2
Throwing       | |  2.0
Dodging        | |  0.8
Stealth        | |  1.4
Spellcasting   | |  1.2
Hexes          | |  1.0
Necromancy     | |  1.0

Action                   |  1- 3 |  4- 6 |  7- 9 || total
-------------------------+-------+-------+-------++-------
Melee: Short sword       |   103 |   207 |     6 ||   316
Throw: Stone             |     1 |       |       ||     1
  Use: Scroll            |     2 |     2 |       ||     4
       Potion            |       |     2 |       ||     2
 Stab: Sleeping          |     3 |       |       ||     3
  Eat: Chunk             |     2 |     9 |       ||    11
Armor: Robe              |    26 |    37 |       ||    63
Dodge: Dodged            |    45 |    90 |     1 ||   136
